 Dungeon Crawl Stone Soup version 0.24.0-35-gdb84b6a5db (webtiles) character file.

Game seed: 17362888352285259668, levelgen mode: deterministic

77 Nattfarinn the Cutter (level 4, -9/29 HPs)
             Began as a Halfling Warper on Nov 19, 2019.
             Was an Initiate of Okawaru.
             Killed by divine providence
             ... invoked by an orc priest
              (10 damage)
             ... on level 3 of the Dungeon.
             The game lasted 00:06:00 (2731 turns).

Nattfarinn the Cutter (Halfling Warper)             Turns: 2731, Time: 00:06:00

Health: -9/29      AC:  5    Str: 12    XL:     4   Next: 58%
Magic:  4/6        EV: 13    Int: 12    God:    Okawaru [......]
Gold:   94         SH:  5    Dex: 13    Spells: 4/6 levels left

rFire    . . .     SeeInvis .   j - +1 hand axe (chop)
rCold    . . .     Gourm    .   i - +0 buckler
rNeg     . . .     Faith    .   o - +0 ring mail
rPois    .         Spirit   .   (no helmet)
rElec    .         Reflect  .   (no cloak)
rCorr    .         Harm     .   (no gloves)
MR       .....                  (no boots)
Stlth    +.........             (no amulet)
HPRegen  0.09/turn              (no ring)
MPRegen  0.10/turn              (no ring)

@: very slightly contaminated
A: small, mutation resistance 1
a: Renounce Religion


You were on level 3 of the Dungeon.
You worshipped Okawaru.
Okawaru was noncommittal.
You were not hungry.

You visited 1 branch of the dungeon, and saw 3 of its levels.

You collected 94 gold pieces.

Inventory:

Hand Weapons
 a - a +0 short sword
 j - a +1 hand axe of chopping (weapon)
Missiles
 c - 61 stones
 e - 5 boomerangs of dispersal (quivered)
 p - 58 sling bullets
 y - 5 boomerangs
Armour
 b - a +0 leather armour
 i - a +0 buckler (worn)
 o - a +0 ring mail (worn)
Scrolls
 d - a scroll of blinking
 m - a scroll of teleportation {unknown}
 n - 2 scrolls of identify {unknown}
 t - a scroll of amnesia {unknown}
 v - a scroll of enchant weapon {unknown}
 w - 2 scrolls of remove curse {unknown}
 x - a scroll of fear {unknown}
Potions
 g - a potion of lignification {unknown}
 h - 3 potions of curing {unknown}
 k - 2 potions of berserk rage {unknown}
 l - a potion of haste {unknown}
 q - a potion of degeneration {unknown}
 s - a potion of brilliance {unknown}
 u - a potion of ambrosia {unknown}
Comestibles
 f - 5 rations
 r - 4 chunks of flesh


   Skills:
 + Level 2.2 Fighting
 * Level 3.6 Short Blades
 - Level 1.0 Throwing
 + Level 1.9 Armour
 + Level 2.7 Dodging
 * Level 1.7 Shields
 - Level 1.5 Spellcasting
 - Level 3.2 Translocations


You had 4 spell levels left.
You knew the following spells:

 Your Spells              Type           Power        Failure   Level  Hunger
a - Blink                 Tloc           N/A          34%         2    ###....

Your spell library contained the following spells:

 Spells                   Type           Power        Failure   Level  Hunger
 Shroud of Golubria       Chrm/Tloc      #.....       56%         2    ###....
 Gell's Gravitas          Tloc           #.........   56%         3    ####...
 Lesser Beckoning         Tloc           #.........   56%         3    ####...
 Teleport Other           Tloc           #.......     56%         3    ####...
 Passage of Golubria      Tloc           N/A          93%         4    #####..


Dungeon Overview and Level Annotations

Branches:
Dungeon (3/15)

Altars:
Fedhas
Gozag
Okawaru
Ru
Sif Muna
Wu Jian
The Shining One


Innate Abilities, Weirdness & Mutations

You are small and have problems with some larger weapons.
You are somewhat resistant to further mutation.


Message History

You closely miss the orc priest.
The orc priest looks encouraged for a moment.
Your shield and ring mail prevent you from hitting the orc priest.
The orc priest mumbles some strange prayers to Beogh against you.
Beogh smites you!
You hit the orc priest.
The orc priest is lightly wounded.
The orc priest calls down the wrath of Beogh upon you.
Beogh smites you!
* * * LOW HITPOINT WARNING * * *
You block the orc priest's attack.
Casting: Blink (safe; 34% risk of failure)
Confirm with . or Enter, or press ? or * to list all spells.
You miscast Blink.
You are very lightly contaminated with residual magic.
You feel uncomfortable.
An orc comes into view. It is wielding a +0 club.
The orc priest invokes the aid of Beogh against you.
Beogh smites you!
You die...

#. #.##.# #...###.#.# #
#.##.#######.........# #
#.##...........)...#.#.#
#.##########.#.#####.#.#
# #.# #.#.#####.#.#.#
... #.#.........._# .##
#.#######......
#o######.# #.#####
#oooo@...#######......
######...........####.
#.##...........#
#.##......####.#
#.##.........# #
#.##...##.##.#
#......#...# #
#.#......_...
#.##.#.#...#..


You could see 2 orc priests and 3 orcs.

Vanquished Creatures
  3 adders
  2 worms (D:2)
  2 leopard geckos
  5 bats (D:1)
  3 giant cockroaches
  5 goblins
  7 hobgoblins
  3 kobolds (D:1)
  A quokka (D:3)
  4 frilled lizards
  7 rats
42 creatures vanquished.

Notes
Turn   | Place    | Note
-------+----------+-------------------------------------------
     0 | D:1      | Nattfarinn the Halfling Warper began the quest for the Orb.
     0 | D:1      | Reached XP level 1. HP: 14/14 MP: 3/3
   104 | D:1      | Reached XP level 2. HP: 9/19 MP: 4/4
   350 | D:1      | Learned a level 2 spell: Blink
   878 | D:1      | Reached XP level 3. HP: 24/24 MP: 5/5
   908 | D:1      | Reached skill level 1 in Shields
  1379 | D:2      | Found an iron altar of Okawaru.
  1389 | D:2      | Became a worshipper of Warmaster Okawaru
  2025 | D:2      | Found a sacrificial altar of Ru.
  2157 | D:2      | Reached XP level 4. HP: 29/29 MP: 6/6
  2595 | D:2      | Found a shimmering blue altar of Sif Muna.
  2595 | D:2      | Found an ornate altar of the Wu Jian Council.
  2596 | D:2      | Found an opulent altar of Gozag.
  2700 | D:3      | Found a glowing golden altar of the Shining One.
  2706 | D:3      | Found a blossoming altar of Fedhas.
  2730 | D:3      | HP: 1/29 [orc priest/divine providence (12)]
  2731 | D:3      | Killed from afar by an orc priest

Levels and vault maps discovered:
D:1:      evilmike_arrival_plus, layout_basic, serial_forest,
          infiniplex_forest_fountain, infiniplex_forest_straight_1,
          infiniplex_forest_clump_large, infiniplex_forest_clump_curved,
          infiniplex_forest_lined_2, infiniplex_forest_clump_small,
          infiniplex_forest_corner_1, infiniplex_forest_fountain,
          infiniplex_forest_lined_3_way, minmay_tromino_v4_b
D:2:      layout_loops_ring, okawaru_ov_weapons_minmay,
          gammafunk_temple_overflow_claw, nicolae_ru_sacrificial_ziggurat,
          minmay_stone_trees_medium, kennysheep_generic_room_10
D:3:      layout_loops_ring, nicolae_overflow_crystal_walls,
          overflow_temple_1_default

Skill      XL: |  1  2  3 |
---------------+----------+-----
Fighting       | 2 |  2.2
Short Blades   | 3 |  3.6
Shields        | 1 |  1.7
Throwing       | |  1.0
Armour         | |  1.9
Dodging        | |  2.7
Spellcasting   | |  1.5
Translocations | |  3.2

Action                   |  1- 3 |  4- 6 || total
-------------------------+-------+-------++-------
Melee: Short sword       |   131 |       ||   131
       Hand axe          |    52 |    36 ||    88
 Cast: Blink             |     1 |       ||     1
  Eat: Chunk             |     4 |     2 ||     6
Armor: Leather armour    |    24 |       ||    24
       Ring mail         |     9 |     3 ||    12
Dodge: Dodged            |   130 |    24 ||   154
Block: Buckler           |    24 |     9 ||    33
